 Dungeon Crawl Stone Soup version 0.28.0-49-g6dfe1f597d (webtiles) character file.

Game seed: 7559094457627648612

131 MrIGI the Skirmisher (level 5, -2/57 HPs)
             Began as an Ogre Berserker on May 11, 2022.
             Was a Believer of Trog.
             Slain by an iguana (10 damage)
             ... on level 2 of the Dungeon.
             The game lasted 00:04:15 (2215 turns).

MrIGI the Skirmisher (Ogre Berserker)               Turns: 2215, Time: 00:04:16

Health: -2/57      AC:  3    Str: 23    XL:     5   Next: 14%
Magic:  5/5        EV: 10    Int:  8    God:    Trog [**....]
Gold:   43         SH:  0    Dex:  8    Spells: 4/4 levels left

rFire   . . .      SeeInvis .   a - +0 hand axe
rCold   . . .      Faith    .   (no shield)
rNeg    . . .      Spirit   .   b - +0 animal skin
rPois   .          Reflect  .   (helmet restricted)
rElec   .          Harm     .   (no cloak)
rCorr   .          Rampage  .   (gloves unavailable)
Will    ++...                   (boots unavailable)
Stlth   +.........              (no amulet)
HPRegen 1.19/turn               (no ring)
MPRegen 0.09/turn               (no ring)

@: strong-willed, regenerating
A: large, unfitting armour, tough skin 1
a: Renounce Religion, Berserk, Trog's Hand


You were on level 2 of the Dungeon.
You worshipped Trog.
Trog was pleased with you.
You visited 1 branch of the dungeon, and saw 3 of its levels.

You collected 43 gold pieces.

Inventory:

Hand Weapons
 a - a +0 hand axe (weapon)
Armour
 b - a +0 animal skin (worn)
 f - a +0 scale mail
 i - a +0 helmet
Wands
 j - a wand of digging (7)
Scrolls
 c - 2 scrolls of immolation {unknown}
 d - 2 scrolls of identify {unknown}
 g - a scroll of teleportation {unknown}
 h - a scroll of blinking {unknown}
 k - a scroll of magic mapping {unknown}
Potions
 e - a potion of curing {unknown}


   Skills:
 + Level 5.1 Fighting
 + Level 4.3 Axes
 + Level 3.5 Dodging
 + Level 0.4 Stealth


You had 4 spell levels left.
You didn't know any spells.
Your spell library was empty.

Dungeon Overview and Level Annotations

Branches:
Dungeon (3/15)

Altars:


Innate Abilities, Weirdness & Mutations

You are too large for most types of armour.
You have tough skin. (AC +1)


Message History

Done exploring.
Done exploring.
You see here a +0 ring mail.
There is a stone staircase leading down here.
You climb downwards.
You hear the sound of rushing water.
There is an entrance to a sewer on this level.
Hurry and find it before the portal rusts away!
There is a stone staircase leading up here.
An iguana comes into view.
The iguana hisses angrily.
You hear a shout! 3 gnolls come into view.
Found an escape hatch in the ceiling.
The gnoll shouts! x3; You hear a shout!
You barely miss the iguana. The iguana bites you!
The gnoll hits you from afar with a +0 spear.
You hit the iguana.
The iguana is lightly wounded.
The iguana misses you.
The gnoll hits you from afar with a +0 spear.
The gnoll barely misses you.
You hit the iguana.
The iguana is heavily wounded.
The iguana bites you!
You hit the iguana.
The iguana is heavily wounded.
The iguana bites you.
There is a stone staircase leading up here.
The iguana bites you!
* * * LOW HITPOINT WARNING * * *
You climb upwards.
There is a stone staircase leading down here.
Your skin crawls.
You feel strong-willed. The iguana bites you!
* * * LOW HITPOINT WARNING * * *
You fail to use your ability.
The iguana closely misses you.
You barely miss the iguana.
The iguana is heavily wounded.
The iguana bites you!
You die...

##################
#@................
###l###############.
#...# ##
#.#.################
####.#.................
#.........#############
#.........#
#.........########
####.............# ###


You could see an iguana.

Vanquished Creatures
  Natasha (thrice) (D:2)
  An adder (D:2)
  A worm (D:2)
  A dart slug (D:1)
  4 endoplasms (D:2)
  2 giant cockroaches (D:1)
  7 hobgoblins
  6 jackals
  2 kobolds (D:2)
  A quokka (D:1)
  3 ball pythons
  4 bats
  2 frilled lizards
  7 rats
44 creatures vanquished.

Notes
Turn   | Place    | Note
-------+----------+-------------------------------------------
     0 | D:1      | MrIGI the Ogre Berserker began the quest for the Orb.
     0 | D:1      | Reached XP level 1. HP: 24/24 MP: 1/1
   230 | D:1      | Reached XP level 2. HP: 27/32 MP: 2/2
   614 | D:1      | You fall into a shaft and drop 1 floor!
   621 | D:2      | Reached XP level 3. HP: 40/40 MP: 3/3
  1309 | D:2      | Reached ** piety under Trog
  1422 | D:2      | Noticed Natasha
  1433 | D:2      | Killed Natasha
  1434 | D:2      | Reached XP level 4. HP: 26/49 MP: 4/4
  1636 | D:2      | Noticed Natasha
  1652 | D:2      | Killed Natasha
  1897 | D:2      | Noticed Natasha
  1906 | D:2      | Killed Natasha
  1907 | D:2      | Reached skill level 5 in Fighting
  1907 | D:2      | Reached XP level 5. HP: 44/57 MP: 5/5
  2215 | D:2      | Slain by an iguana

Illustrated notes

Levels and vault maps discovered:
D:1:      roderic_chinese_lattice_arrival, layout_basic,
          shapermc_ecumenical_altar_mp_vishouse, minmay_misc_feat_alley
D:2:      layout_basic, minmay_pentomino_pile, uniq_natasha
D:3:      layout_basic, serial_shops, shop, nicolae_shop_waterfront,
          shop_fountains, nicolae_shop_competitors_out_of_business,
          portal_sewer_entry_d

Skill      XL: |  1  2  3  4 |
---------------+-------------+-----
Dodging        | 3 |  3.5
Axes           | 4 |  4.3
Fighting       | 5 |  5.1
Stealth        | |  0.4

Action                   |  1- 3 |  4- 6 || total
-------------------------+-------+-------++-------
Melee: Hand axe          |   129 |    29 ||   158
Invok: Berserk           |     2 |     1 ||     3
       Trog's Hand       |       |     1 ||     1
 Stab: Sleeping          |     1 |       ||     1
Armor: Animal skin       |    36 |     5 ||    41
Dodge: Dodged            |    66 |    13 ||    79
